 Dungeon Crawl Stone Soup version 0.30-a0-937-ga0a21ad780 (webtiles) character file.

Game seed: 17138667759250648777

1192 Gildedravn the Covered (level 8, -1/71 HPs)
             Began as a Minotaur Fighter on Mar 24, 2023.
             Slain by a two-headed ogre
             ... wielding a +0 giant spiked club
              (23 damage)
             ... on level 6 of the Dungeon.
             The game lasted 00:05:56 (5179 turns).

Gildedravn the Covered (Minotaur Fighter)           Turns: 5179, Time: 00:05:56

Health: -1/71      AC: 16    Str: 22    XL:     8   Next: 20%
Magic:  7/7        EV:  6    Int:  5    God:
Gold:   311        SH:  5    Dex: 11    Spells: 7/7 levels left

rFire   . . .      SeeInvis .    a - +1 war axe
rCold   . . .      Faith    .    c - +0 buckler
rNeg    . . .      Spirit   .    o - +0 plate armour
rPois   .          Reflect  .    (helmet restricted)
rElec   .          Rampage  .    (no cloak)
rCorr   .                        s - +0 pair of gloves
Will    .....                    (no boots) Stlth
                                 j - amulet of the acrobat
HPRegen 0.00/turn                (no ring)
MPRegen 0.10/turn                (no ring)

@: inhibited regen
A: horns 2, retaliatory headbutt, talons 1, iridescent scales 1, inhibited
regeneration
a: no special abilities


You were on level 6 of the Dungeon.
You visited 1 branch of the dungeon, and saw 6 of its levels.

You collected 311 gold pieces.

Inventory:

Hand Weapons
 a - a +1 war axe (weapon)
Armour
 b - a +0 scale mail
 c - a +0 buckler (worn)
 o - a +0 plate armour (worn)
 s - a +0 pair of gloves (worn)
Jewellery
 i - a ring of protection from fire
 j - an amulet of the acrobat (around neck)
Wands
 g - a wand of roots (6) (quivered)
Scrolls
 d - 3 scrolls of teleportation
 f - 3 scrolls of amnesia
 k - a scroll of immolation
 m - a scroll of summoning
 n - a scroll of torment
 p - a scroll of fog
Potions
 e - 2 potions of flight
 h - 2 potions of ambrosia
 l - 2 potions of curing
 q - a potion of haste
 r - 2 potions of brilliance


   Skills:
 + Level 6.9 Fighting
 + Level 6.3 Axes
 + Level 6.9 Armour
 + Level 6.9 Shields


You had 7 spell levels left.
You didn't know any spells.
Your spell library contained the following spells:

 Spells                   Type           Power      Damage    Failure   Level
 Apportation              Tloc           0%         N/A       100%        1
 Magic Dart               Conj           0%         1d3       100%        1
 Necrotise                Necr           0%         1d4       100%        1
 Summon Small Mammal      Summ           0%         N/A       100%        1
 Call Imp                 Summ           0%         N/A       100%        2
 Ensorcelled Hibernation  Hex/Ice        0%         N/A       100%        2
 Sublimation of Blood     Necr           0%         N/A       100%        2
 Wereblood                Tmut           0%         N/A       100%        2
 Mephitic Cloud           Conj/Pois/Air  0%         N/A       100%        3
 Spider Form              Tmut/Pois      0%         N/A       100%        3
 Anguish                  Hex/Necr       0%         N/A       100%        4
 Summon Hydra             Summ           0%         N/A       100%        7


Dungeon Overview and Level Annotations

Branches:
Dungeon (6/15)
 Temple: D:4-7

Altars:
Makhleb
Zin

Shops:
D:4 *


Innate Abilities, Weirdness & Mutations

You have a pair of horns on your head.
You reflexively headbutt those who attack you in melee.
You have sharp toenails.
You are partially covered in iridescent scales. (AC +2)
You do not regenerate when monsters are visible.


Message History

You claw the two-headed ogre, but do no damage.
The two-headed ogre is heavily wounded.
You block the two-headed ogre's attack. The two-headed ogre barely misses you.
You slash the two-headed ogre!
The two-headed ogre is severely wounded.
The two-headed ogre hits you with a +0 giant spiked club!!
The two-headed ogre hits you with a +0 giant spiked club!
You are too injured to fight recklessly!
You are too injured to fight recklessly!
You are too injured to fight recklessly!
You are too injured to fight recklessly!
You are too injured to fight recklessly!
You are too injured to fight recklessly!
You are too injured to fight recklessly!
You are too injured to fight recklessly!
You are too injured to fight recklessly!
You are too injured to fight recklessly!
You are too injured to fight recklessly!
You are too injured to fight recklessly!
You are too injured to fight recklessly!
You are too injured to fight recklessly!
You are too injured to fight recklessly!
You are too injured to fight recklessly!
You are too injured to fight recklessly!
You are too injured to fight recklessly!
You are too injured to fight recklessly!
You are too injured to fight recklessly!
You are too injured to fight recklessly!
You are too injured to fight recklessly!
You are too injured to fight recklessly!
You are too injured to fight recklessly!
Unknown command.
Aiming: Fastroot
Press: ? - help, Q - select action Shift-Dir - straight line, f - two-headed ogre
Aim: a two-headed ogre, wielding two +0 giant spiked clubs (severely wounded)
The roots erupt in riotous growth!
Roots grab the two-headed ogre.
The grasping roots constrict the two-headed ogre.
The two-headed ogre hits you with a +0 giant spiked club!!
You die...

...### # #..#..
.# #..#.###.#
#######..#.#...#
......[..#.#.#.#
..####........#
#.####..######
#.# #........
#@# #.#######
#O# #.# ..# #<#
...####.#
.#.###...# .##.
#.### .# #. #.#
#. #. #.# #.#


You could see a two-headed ogre (rooted).

Vanquished Creatures
  A wraith (D:6)
  An ice beast (D:6)
  An ogre (D:4)
  A centaur (D:5)
  A phantom (D:4)
  A bullfrog (D:4)
  2 scorpions
  A howler monkey (D:3)
  2 orc priests (D:3)
  A sleepcap (D:4)
  Natasha (thrice) (D:2)
  4 iguanas (D:5)
  An orc wizard (D:3)
  3 gnolls (D:3)
  6 adders
  2 ufetubi (D:5)
  5 worms
  A dart slug (D:2)
  8 orcs
  4 ball pythons
  8 bats
  6 endoplasms
  12 giant cockroaches
  8 hobgoblins
  8 kobolds
  2 quokkas
  9 frilled lizards
  7 goblins
  8 rats
117 creatures vanquished.

Vanquished Creatures (others)
  3 plants (D:5)
3 creatures vanquished.

Grand Total: 120 creatures vanquished

Notes
Turn   | Place    | Note
-------+----------+-------------------------------------------
     0 | D:1      | Gildedravn the Minotaur Fighter began the quest for the
                  | Orb.
     0 | D:1      | Reached XP level 1. HP: 19/19 MP: 0/0
   391 | D:1      | Reached XP level 2. HP: 27/27 MP: 1/1
   618 | D:1      | Gained mutation: You have sharp toenails. [potion of
                  | mutation]
   618 | D:1      | Gained mutation: You do not regenerate when monsters are
                  | visible. [potion of mutation]
   618 | D:1      | Gained mutation: You are partially covered in iridescent
                  | scales. (AC +2) [potion of mutation]
   789 | D:2      | Noticed Natasha
   798 | D:2      | Killed Natasha
   799 | D:2      | Reached XP level 3. HP: 15/33 MP: 2/2
  1088 | D:2      | Noticed Natasha
  1096 | D:2      | Killed Natasha
  1097 | D:2      | Reached XP level 4. HP: 36/41 MP: 3/3
  1132 | D:2      | Noticed Natasha
  1144 | D:2      | Killed Natasha
  1538 | D:2      | Reached XP level 5. HP: 44/47 MP: 4/4
  2598 | D:3      | Reached skill level 5 in Fighting
  2598 | D:3      | Reached skill level 5 in Shields
  2605 | D:3      | Reached skill level 5 in Armour
  2614 | D:3      | Reached XP level 6. HP: 18/56 MP: 5/5
  3514 | D:4      | Reached skill level 5 in Axes
  3514 | D:4      | Reached XP level 7. HP: 57/62 MP: 6/6
  3589 | D:4      | Found Jouwkonn's General Store.
  4153 | D:5      | Entered Level 5 of the Dungeon
  4302 | D:5      | Noticed a green death
  4303 | D:5      | Found a burning altar of Makhleb.
  4308 | D:5      | Found a glowing silver altar of Zin.
  4308 | D:5      | Noticed an angel
  5062 | D:6      | Noticed a wraith
  5076 | D:6      | Killed a wraith
  5077 | D:6      | Reached XP level 8. HP: 67/71 MP: 7/7
  5172 | D:6      | Noticed a two-headed ogre
  5179 | D:6      | Slain by a two-headed ogre

Illustrated notes

Levels and vault maps discovered:
D:1:      pf_arrival_petrified_forest, layout_basic
D:2:      layout_basic, kennysheep_another_room, uniq_natasha
D:3:      minmay_roachtagon, layout_loops_ring, hangedman_decor_clover_reticule,
          minmay_fractal_squares_5
D:4:      layout_cave_pools, serial_shops, nicolae_inconvenience_store,
          hex_medium
D:5:      layout_basic, grunt_temple_overflow_order_and_chaos_2,
          nicolae_eternal_life, chequers_hall_statues_corner_a,
          hangedman_decor_push, minmay_lizard_king
D:6:      layout_loops_ring, uniq_grinder, uniq_pikel

Skill      XL: |  1  2  3  4  5  6  7 |
---------------+----------------------+-----
Armour         | 4 5 6 |  6.9
Shields        | 4 5 6 |  6.9
Fighting       | 4 5 6 |  6.9
Axes           | 3 4 5 6 |  6.3

Action                     |  1- 3 |  4- 6 |  7- 9 || total
---------------------------+-------+-------+-------++-------
  Melee: War axe           |    47 |   121 |    68 ||   236
         Headbutt          |     5 |    14 |    13 ||    32
         Kick              |     4 |    27 |    15 ||    46
  Evoke: Wand              |       |       |     5 ||     5
    Use: Potion            |     5 |     2 |       ||     7
         Scroll            |     4 |     1 |     4 ||     9
 Armour: Scale mail        |    18 |    48 |     2 ||    68
         Plate armour      |       |       |    27 ||    27
  Dodge: Dodged            |    23 |    54 |    31 ||   108
  Block: Buckler           |     9 |    16 |    18 ||    43

Table legend: (Time is in decaauts)
 A = Elapsed time spent in this place.
 B = Non-inter-level travel time spent in this place.
 C = Inter-level travel time spent in this place.
 D = Time resting spent in this place.
 E = Time spent auto-exploring this place.
 F = Levels seen in this place.
 G = Mean time per level.
                   A        B        C        D        E       F      G
               +--------+--------+--------+--------+--------+-----+--------+
         Total |   5243 |   5070 |    173 |   1311 |   3033 |   6 |  873.8 |
       Dungeon |   5243 |   5070 |    173 |   1311 |   3033 |   6 |  873.8 |
               +--------+--------+--------+--------+--------+-----+--------+

Top non-repeatable levels by time:
     D:2: 1534 daAuts
     D:3: 1159 daAuts
     D:5: 903 daAuts
     D:1: 790 daAuts
     D:4: 719 daAuts
     D:6: 136 daAuts
